 Dungeon Crawl Stone Soup version 0.21-a0-529-g8c7b3f5 (webtiles) character file.

386 Astral24 the Chopper (level 6, 0/55 HPs)
             Began as a Minotaur Berserker on Dec 8, 2017.
             Was a Believer of Trog.
             Slain by an orc warrior
             ... wielding a +0 long sword
              (11 damage)
             ... on level 4 of the Dungeon.
             The game lasted 00:21:09 (3611 turns).

Astral24 the Chopper (Minotaur Berserker)           Turns: 3611, Time: 00:21:09

Health: 0/55       AC: 12    Str: 24    XL:     6   Next: 48%
Magic:  0/5        EV:  7    Int:  4    God:    Trog [**....]
Gold:   208        SH:  0    Dex: 12    Spells: 5/5 levels left

rFire    . . .     SeeInvis .   a - +0 hand axe
rCold    . . .     Gourm    .   (no shield)
rNeg     + . .     Faith    .   o - +0 plate armour
rPois    .         Spirit   +   (helmet restricted)
rElec    .         Reflect  .   q - scarf {Spirit}
rCorr    .         Harm     .   (no gloves)
MR       .....                  j - +0 pair of boots
Stlth    ..........             (no amulet)
HPRegen  0.18/turn              t - ring of positive energy
MPRegen  0.09/turn              y - +3 ring of dexterity

@: no status effects
A: retaliatory headbutt, horns 2
a: Berserk, Trog's Hand, Burn Spellbooks, Renounce Religion


You were on level 4 of the Dungeon.
You worshipped Trog.
Trog was pleased with you.
You were not hungry.

You visited 1 branch of the dungeon, and saw 4 of its levels.

You collected 208 gold pieces.

Inventory:

Hand Weapons
 a - a +0 hand axe (weapon)
 e - a +1 hunting sling
Missiles
 m - 59 stones (quivered)
 B - 28 sling bullets
Armour
 j - a +0 pair of boots (worn)
 o - a +0 plate armour (worn)
 q - a scarf of spirit shield (worn)
Jewellery
 r - an uncursed ring of positive energy
 t - a ring of positive energy (left hand)
 y - a +3 ring of dexterity (right hand)
Scrolls
 d - 3 scrolls of teleportation
 k - 6 scrolls of identify
 p - a scroll of amnesia {unknown}
Potions
 f - a potion of heal wounds {unknown}
 g - 2 potions of invisibility
 h - 2 potions of degeneration {unknown}
 l - 2 potions of curing {unknown}
 n - a potion of berserk rage {unknown}
 s - a potion of agility {unknown}
 v - a potion of mutation {unknown}
 w - a potion of ambrosia {unknown}
 x - a potion of resistance {unknown}
Books
 b - Sif Muna's Collected Works on Fire
   (You found it on level 3 of the Dungeon)

   Spells                             Type                      Level
   a - Flame Tongue                   Conjuration/Fire             1
   Trog disapproves of the use of such an item.
Comestibles
 c - 2 bread rations
 i - 2 meat rations
 u - 2 chunks of flesh
 A - 3 royal jellies


   Skills:
 + Level 4.8 Fighting
 * Level 5.0 Axes
 * Level 4.9 Slings
 + Level 3.6 Armour
 + Level 2.5 Dodging


You had 5 spell levels left.
You didn't know any spells.

Dungeon Overview and Level Annotations

Branches:
Dungeon (4/15)
 Temple: D:4-7

Altars:
Ru
Sif Muna
Uskayaw
Yredelemnul
The Shining One

Annotations:
D:4 Raine357's ghost, amateur DrFi


Innate Abilities, Weirdness & Mutations

You reflexively headbutt those who attack you in melee.
You have a pair of horns on your head.


Message History

The orc warrior closely misses you.
You closely miss the orc warrior. Your headbutt misses the orc warrior.
You hit the orc but do no damage. The orc hits you but does no damage.
The orc warrior hits you with a long sword!
You hit the orc warrior.
The orc warrior is lightly wounded.
You hit the orc. The orc hits you.
The orc warrior hits you with a long sword.
The orc barely misses you. You furiously retaliate!
You headbutt the orc!
You kill the orc!
Trog accepts your kill.
You slash the orc warrior!
The orc warrior is heavily wounded.
The orc warrior hits you with a long sword!!
* * * LOW HITPOINT WARNING * * *
You hit the orc warrior.
The orc warrior is severely wounded.
You recover from your berserk rage.
The orc warrior hits you with a long sword!
You die...

.........._......##...##....o..#
......#.......#...#.........%..#
.##...##.....##...#.........o†<#
###....##...##....#.........W..#
#.....##.###....#...##...S..##
#.........##...##...##......##
#.........###+###.....o......#
#+#####........##...##.......#
###....##.......@##...##.......#
.#..............o).o...........#
.#...............#.............#
.#............>..#....##......##
.#...............#....(########
.##....##...##...##....#
.##....##...###+###...##
........#....#,,,,.....*
........#....#..,,.....#


You could see an orc warrior and an orc.

Vanquished Creatures
  A centaur (D:3)
  A hound (D:4)
  2 orc priests
  Terence (D:3)
  2 orc wizards (D:3)
  A worker ant (D:4)
  5 adders
  3 worms
  A dart slug (D:4)
  A leopard gecko (D:2)
  7 orcs
  A giant cockroach (D:2)
  9 goblins
  8 hobgoblins
  5 kobolds
  A quokka (D:4)
  2 ball pythons
  9 bats
  5 frilled lizards
  8 rats
73 creatures vanquished.

Notes
Turn   | Place    | Note
-------+----------+-------------------------------------------
     0 | D:1      | Astral24 the Minotaur Berserker began the quest for the Orb.
     0 | D:1      | Reached XP level 1. HP: 19/19 MP: 0/0
   324 | D:1      | Reached skill level 4 in Axes
   324 | D:1      | Reached XP level 2. HP: 27/27 MP: 1/1
  1079 | D:2      | Found a sacrificial altar of Ru.
  1124 | D:2      | Found a faded altar of an unknown god.
  1205 | D:2      | Reached ** piety under Trog
  1268 | D:2      | Reached XP level 3. HP: 33/33 MP: 2/2
  1843 | D:3      | Found a basalt altar of Yredelemnul.
  1864 | D:3      | Reached skill level 1 in Slings
  1864 | D:3      | Reached XP level 4. HP: 41/41 MP: 3/3
  2226 | D:3      | Noticed a centaur
  2238 | D:3      | Killed a centaur
  2238 | D:3      | Reached XP level 5. HP: 28/47 MP: 4/4
  2244 | D:3      | Found a hide-covered altar of Uskayaw.
  2615 | D:3      | Found a deep blue altar of Sif Muna.
  2948 | D:3      | Noticed Terence
  2958 | D:3      | Killed Terence
  3174 | D:3      | Reached XP level 6. HP: 45/53 MP: 3/5
  3175 | D:3      | Identified Sif Muna's Collected Works on Fire
  3179 | D:4      | Found a glowing golden altar of the Shining One.
  3226 | D:4      | Noticed Raine357's ghost (amateur DrFi)
  3229 | D:4      | Noticed an orc warrior
  3520 | D:4      | Reached skill level 5 in Axes
  3611 | D:4      | Slain by an orc warrior

Vault maps used:
D:1:      dpeg_arrival_rhombus
D:2:      nicolae_ru_awakened_eye, chequers_ecumenical_altar_simple
D:3:      lemuel_doored_altar, eat_drink_and_be_merry_uskayaw, led_sif_book,
          uniq_terence
D:4:      lemuel_round_altar

Skill      XL: |  1  2  3  4  5  6 |
---------------+-------------------+-----
Fighting       | 4 |  4.8
Axes           | 4 5 |  5.0
Armour         | 3 |  3.6
Slings         | 1 3 4 |  4.9
Dodging        | |  2.5

Action                   |  1- 3 |  4- 6 || total
-------------------------+-------+-------++-------
Melee: Hand axe          |    68 |    66 ||   134
       Headbutt          |     8 |    11 ||    19
 Fire: Hunting sling     |    26 |    59 ||    85
Invok: Berserk           |       |     3 ||     3
  Use: Scroll            |       |     9 ||     9
  Eat: Chunk             |     3 |     8 ||    11
Armor: Scale mail        |    13 |       ||    13
       Plate armour      |    29 |    54 ||    83
Dodge: Dodged            |    41 |    29 ||    70

Table legend:
 A = Spawn XP
 B = Non-spawn XP
 C = Spawn XP percentage of total XP
 D = Spawn monster count
 E = Non-spawn monster count
 F = Spawn count percentage of total count
 G = Total turns spent on level
                    A         B        C        D         E        F      G
               +---------+---------+-------+---------+---------+-------+---------
         Total |       0 |     552 |   0.0 |       0 |      73 |   0.0 |  3611
               +---------+---------+-------+---------+---------+-------+---------
           D:1 |       0 |      25 |   0.0 |       0 |      16 |   0.0 |   955
           D:2 |       0 |      40 |   0.0 |       0 |      16 |   0.0 |   849
           D:3 |       0 |     322 |   0.0 |       0 |      29 |   0.0 |  1484
           D:4 |       0 |     165 |   0.0 |       0 |      12 |   0.0 |   323
               +---------+---------+-------+---------+---------+-------+---------
